 Dungeon Crawl Stone Soup version 0.29.0-13-gc9e81de378 (webtiles) character file.

Game seed: 7932647693856592826

1 sanka the Shooter (level 1, 18/18 HPs)
             Began as a Djinni Hunter on Sept 9, 2022.
             Was a Follower of Qazlal.
             Quit the game on level 1 of the Dungeon.
             The game lasted 00:00:21 (100 turns).

sanka the Shooter (Djinni Hunter)                    Turns: 100, Time: 00:00:22

Health: 18/18      AC:  3    Str: 10    XL:     1   Next: 22%
Gold:   0          EV: 12    Int: 10    God:    Qazlal [*.....] SH:  1 Dex: 16

rFire   + + .      SeeInvis .   a - +0 shortbow
rCold   x . .      Faith    .   (shield currently unavailable)
rNeg    . . .      Spirit   .   c - +0 leather armour
rPois   ∞          Reflect  .   (no helmet)
rElec   .          Harm     .   (no cloak)
rCorr   .          Rampage  .   (no gloves)
Will    .....                   (boots unavailable)
Stlth   +.........              (no amulet)
HPRegen 0.06/turn               (no ring)
MPRegen 0.00/turn               (no ring)

@: flying
A: sickness immunity, fire resistance 2, cold vulnerability 1, float, innate
caster, HP casting, extra vitality 1
a: Renounce Religion


You were on level 1 of the Dungeon.
You worshipped Qazlal.
Qazlal was aware of your devotion.
You visited 1 branch of the dungeon, and saw 1 of its levels.


Innate Abilities, Weirdness & Mutations

You are immune to sickness and miasma.
You are immune to poison.
Your flesh is very heat resistant. (rF++)
You are vulnerable to cold. (rC-)
You float through the air rather than walking.
You learn spells naturally, not from books.
Your magical power is your life essence.
You have superior vitality. (+4 MHP)


   Skills:
 + Level 2.0 Fighting
 - Level 3.2 Ranged Weapons
 - Level 2.1 Dodging
 - Level 0.7 Stealth
 + Level 0.1 Spellcasting


You couldn't memorise any spells.
You didn't know any spells.
Your spell library was empty.

Inventory:

Hand Weapons
 a - a +0 shortbow (weapon)
Armour
 c - a +0 leather armour (worn)
Jewellery
 f - a ring of resist corrosion
Scrolls
 b - a scroll of immolation {!r}
 e - a scroll of identify {unknown}
Potions
 d - 2 potions of brilliance {unknown}

Dungeon Overview and Level Annotations

Branches:
Dungeon (1/15)

Altars:
Qazlal

▒▒▒▒▒▒▒▒▒ ▒.......▒ ▒.▒▒£▒▒.▒
▒.▒...▒.▒▒▒ ▒▒▒▒▒
▒▒▒▒▒▒▒▒▒▒...R§....▒▒▒▒▒.....
...........▒..!▒.▒.▒.......▒
...........▒▒.▒▒.▒.."......▒
........†........▒▒........▒
...........▒▒...▒▒▒........▒
..............▒▒▒ ▒........▒
...........▒▒▒▒ ▒........▒
...........▒ ▒........▒
....>......▒ ▒.▒▒▒▒..▒▒


There were no monsters in sight!


Message History

A bat comes into view.
The bat barely misses you.
You see here a ring of resist corrosion.
f - a ring of resist corrosion The bat closely misses you.
You shoot an arrow. The arrow closely misses the bat.
The bat misses you.
You shoot an arrow. The arrow closely misses the bat.
The bat completely misses you.
You shoot an arrow. The arrow closely misses the bat.
The bat hits you.
You shoot an arrow. The arrow hits the bat.
You kill the bat!
No target in view!
No target in view!
There is a faded altar of an unknown god here.
You cannot tell which god this altar belongs to.
Convert to them anyway?
Qazlal accepts your prayer! Qazlal welcomes you!
Qazlal grants you and your divine allies immunity to clouds.
You are now surrounded by a storm.
Unknown command.
Press < or > to pray at altars.
Are you sure you want to abandon this character and quit the game? (Confirm with "yes".)
Okay, then.
Are you sure you want to abandon this character and quit the game? (Confirm with "yes".)

Action                   || total
-------------------------++-------
 Fire: Shortbow          ||    11
Armor: Leather armour    ||     5
Dodge: Dodged            ||     6

Levels and vault maps discovered:
D:1:      psy_arrival_radial02, layout_basic, ebering_ecumenical_altar_box,
          grunt_decor_cap

Notes
Turn   | Place    | Note
-------+----------+-------------------------------------------
     0 | D:1      | sanka the Djinni Hunter began the quest for the Orb.
     0 | D:1      | Reached XP level 1. HP: 18/18 MP: 0/0
    76 | D:1      | Found a faded altar of an unknown god.
    99 | D:1      | Prayed at the altar of an unknown god.
    99 | D:1      | Became a worshipper of Qazlal Stormbringer
    99 | D:1      | Reached * piety under Qazlal
   100 | D:1      | Quit the game

Vanquished Creatures
  2 bats (D:1)
2 creatures vanquished.
